 Dungeon Crawl Stone Soup version 0.27-a0-423-gf312af2 (webtiles) character file.

Game seed: 1320181466369318025

128 SaberOx the Conjurer (level 5, -4/35 HPs)
             Began as a Merfolk Conjurer on Feb 26, 2021.
             Was an Initiate of Vehumet.
             Slain by a phantom (9 damage)
             ... on level 4 of the Dungeon.
             The game lasted 00:14:14 (2370 turns).

SaberOx the Conjurer (Merfolk Conjurer)             Turns: 2370, Time: 00:14:14

Health: -4/35      AC:  2    Str:  7    XL:     5   Next: 12%
Magic:  7/9        EV: 14    Int: 24    God:    Vehumet [......]
Gold:   165        SH:  0    Dex: 19    Spells: 8/9 levels left

rFire    . . .     SeeInvis .   e - +3 whip (venom)
rCold    . . .     Faith    .   (no shield)
rNeg     . . .     Spirit   .   a - +0 robe
rPois    .         Reflect  .   (no helmet)
rElec    .         Harm     .   (no cloak)
rCorr    .         Rampage  .   (no gloves)
Will     .....                  (no boots)
Stlth    +++.......             (no amulet)
HPRegen  0.11/turn              b - +6 ring of intelligence
MPRegen  0.11/turn              g - +6 ring of dexterity

@: hasted, very quick
A: change form in water, swift swim, stealthy swim
a: Renounce Religion


You were on level 4 of the Dungeon.
You worshipped Vehumet.
Vehumet was noncommittal.
You visited 1 branch of the dungeon, and saw 4 of its levels.

You collected 165 gold pieces.

Inventory:

Hand Weapons
 e - a +3 whip of venom (weapon)
Armour
 a - a +0 robe (worn)
 i - a +0 robe
Jewellery
 b - a +6 ring of intelligence (left hand)
 g - a +6 ring of dexterity (right hand)
Scrolls
 h - a scroll of enchant armour
 j - a scroll of amnesia {unknown}
 k - a scroll of identify
 m - a scroll of fog {unknown}
Potions
 o - a potion of attraction {unknown}
 p - a potion of resistance {unknown}
 q - a potion of brilliance {unknown}


   Skills:
 + Level 0.5 Maces & Flails
 * Level 3.6 Dodging
 * Level 3.0 Stealth
 * Level 2.8 Spellcasting
 + Level 4.1 Conjurations


You had 8 spell levels left.
You knew the following spells:

 Your Spells              Type           Power        Failure   Level
a - Magic Dart            Conj           92%          1%          1

Your spell library contained the following spells:

 Spells                   Type           Power        Failure   Level
 Searing Ray              Conj           46%          3%          2
 Dazzling Flash           Conj/Hex       26%          14%         3
 Fulminant Prism          Conj/Hex       6%           43%         4
 Iskenderun's Mystic Bla  Conj/Tloc      13%          43%         4


Dungeon Overview and Level Annotations

Branches:
Dungeon (4/15)
 Temple: D:4-7

Altars:
Ashenzari
Nemelex Xobeh
Vehumet


Message History

You barely miss the phantom.
The phantom is lightly damaged.
The phantom hits you but does no damage.
You barely miss the phantom.
The phantom is lightly damaged.
The phantom completely misses you.
An adder skeleton comes into view.
As you read the scroll labelled QOEKOCS COHOUR, it crumbles to dust.
You hear snatches of song.
It was a scroll of random uselessness.
The phantom hits you!
The phantom blinks!
You blink.
Unknown command.
The phantom misses you.
You hit the phantom but do no damage.
The phantom is lightly damaged.
The phantom closely misses you.
You hit the phantom.
The phantom is lightly damaged.
The phantom hits you!
* * * LOW HITPOINT WARNING * * *
The phantom blinks!
You blink.
Casting: Magic Dart (safe; 1% risk of failure)
Confirm with . or Enter, or press ? or * to list all spells.
Aiming: Magic Dart (safe; 1% risk of failure)
Press: ? - help, Shift-Dir - straight line, f/p - phantom
Aim: a phantom (lightly damaged, 0% to evade)
The magic dart hits the phantom.
The phantom is moderately damaged.
The phantom barely misses you.
Casting: Magic Dart (safe; 1% risk of failure)
Confirm with . or Enter, or press ? or * to list all spells.
Aiming: Magic Dart (safe; 1% risk of failure)
Press: ? - help, Shift-Dir - straight line, f/p - phantom
Aim: a phantom (moderately damaged, 0% to evade)
The magic dart hits the phantom but does no damage.
The phantom is moderately damaged.
The phantom hits you.
* * * LOW HITPOINT WARNING * * *
It was a potion of haste.
You feel yourself speed up. The phantom hits you!
You die...

#....# .Z # #....# ..... #
#....# .[... #
#....####..... .###+# #
#.......#+# ......##
#.........# .........
#.....#...+........#.
#.....#####.......###
#####..W@......# +##..#.
#..............# .......
###....#+###.....# .....#.
♣......+ #.....# ....###
♣♣.....# #.....# ##+..#.
♣♣....# #.....# #......
♣♣♣....#####.....# #.....[
♣.P....#...#.....+ #......
♣♣♣....#...#.....####......


You could see a phantom.

Vanquished Creatures
  A scorpion (D:4)
  A worker ant (D:4)
  2 adders
  A worm (D:2)
  2 dart slugs
  A leopard gecko (D:4)
  An orc (D:4)
  3 bats (D:3)
  2 giant cockroaches
  4 goblins
  5 hobgoblins
  A quokka (D:4)
  A frilled lizard (D:4)
  2 kobolds
  3 rats
30 creatures vanquished.

Vanquished Creatures (others)
  3 plants (D:4)
3 creatures vanquished.

Grand Total: 33 creatures vanquished

Notes
Turn   | Place    | Note
-------+----------+-------------------------------------------
     0 | D:1      | SaberOx the Merfolk Conjurer began the quest for the Orb.
     0 | D:1      | Reached XP level 1. HP: 13/13 MP: 3/3
   374 | D:1      | Reached XP level 2. HP: 15/19 MP: 5/5
   804 | D:2      | Found a broken altar of Ashenzari.
  1590 | D:3      | Reached XP level 3. HP: 8/24 MP: 0/6
  2156 | D:4      | Found a radiant altar of Vehumet.
  2164 | D:4      | Became a worshipper of Vehumet
  2213 | D:4      | Found a sparkling altar of Nemelex Xobeh.
  2213 | D:4      | Noticed a scorpion
  2223 | D:4      | Reached skill level 4 in Conjurations
  2223 | D:4      | Reached XP level 4. HP: 26/30 MP: 2/7
  2223 | D:4      | Upgraded the game from 0.27-a0-419-g7a85846 to
                  | 0.27-a0-423-gf312af2
  2243 | D:4      | Reached XP level 5. HP: 10/35 MP: 1/9
  2334 | D:4      | Noticed a phantom
  2370 | D:4      | Slain by a phantom

Illustrated notes

Levels and vault maps discovered:
D:1:      lemuel_arrival_broad_hall, layout_basic
D:2:      layout_rooms, nicolae_ashenzari_panopticon, serial_forest,
          infiniplex_forest_clump_large, infiniplex_forest_straight_4,
          infiniplex_forest_straight_4, infiniplex_forest_lined_room_3,
          infiniplex_forest_lined_corner, infiniplex_forest_end_2,
          infiniplex_forest_lined_2
D:3:      layout_rooms
D:4:      wad_woods_stonehenge, layout_gridville, vehumet_crystals,
          minmay_temple_entry_large_hall, lightli_ossuary_entry_decrepit_ruins

Skill      XL: |  1  2  3  4 |
---------------+-------------+-----
Dodging        | 3 |  3.6
Conjurations   | 4 |  4.1
Stealth        | 3 |  3.0
Maces & Flails | |  0.5
Spellcasting   | |  2.8

Action                   |  1- 3 |  4- 6 || total
-------------------------+-------+-------++-------
Melee: Whip              |    24 |    14 ||    38
       Unarmed           |     3 |       ||     3
 Cast: Magic Dart        |    45 |     9 ||    54
  Use: Scroll            |     3 |     2 ||     5
       Potion            |     2 |     4 ||     6
Armor: Robe              |     4 |     2 ||     6
Dodge: Dodged            |    26 |    13 ||    39

Table legend: (Time is in decaauts)
 A = Elapsed time spent in this place.
 B = Non-inter-level travel time spent in this place.
 C = Inter-level travel time spent in this place.
 D = Time resting spent in this place.
 E = Time spent auto-exploring this place.
 F = Levels seen in this place.
 G = Mean time per level.
                   A        B        C        D        E       F      G
               +--------+--------+--------+--------+--------+-----+--------+
         Total |   2371 |   2283 |     88 |    322 |    936 |   4 |  592.8 |
       Dungeon |   2371 |   2283 |     88 |    322 |    936 |   4 |  592.8 |
               +--------+--------+--------+--------+--------+-----+--------+

Top non-repeatable levels by time:
     D:2: 835 daAuts
     D:1: 699 daAuts
     D:3: 594 daAuts
     D:4: 242 daAuts
